 Dungeon Crawl Stone Soup version 0.28.0-45-g0d030f2227 (webtiles) character file.

Game seed: 14817504325339024246

0 pkoi the Insei (level 1, -22/17 HPs)
             Began as a Demigod Gladiator on Apr 19, 2022.
             Killed by an exploding bat (25 damage)
             ... ignited by their inner flame
             ... on level 1 of the Dungeon.
             The game lasted 00:00:21 (46 turns).

pkoi the Insei (Demigod Gladiator)                    Turns: 46, Time: 00:00:22

Health: -22/17     AC:  4    Str: 15    XL:     1   Next: 0%
Magic:  3/3        EV: 12    Int: 10    God:
Gold:   0          SH:  0    Dex: 15    Spells: 0/0 levels left

rFire   . . .      SeeInvis .     - Unarmed
rCold   . . .      Faith    .   (no shield)
rNeg    . . .      Spirit   .   a - +0 leather armour
rPois   .          Reflect  .   b - +0 helmet
rElec   .          Harm     .   (no cloak)
rCorr   .          Rampage  .   (no gloves)
Will    .....                   (no boots)
Stlth   +.........              (no amulet)
HPRegen 0.05/turn               (no ring)
MPRegen 0.08/turn               (no ring)

@: no status effects
A: high MP 1, forlorn, divine attributes
a: no special abilities


You were on level 1 of the Dungeon.
You visited 1 branch of the dungeon, and saw 1 of its levels.

Inventory:

Missiles
 c - 2 throwing nets (quivered)
Armour
 a - a +0 leather armour (worn)
 b - a +0 helmet (worn)


   Skills:
 - Level 1.7 Fighting
 - Level 1.7 Throwing
 - Level 2.6 Dodging
 * Level 2.6 Unarmed Combat
 + Level 0.0 Spellcasting


You couldn't memorise any spells.
You didn't know any spells.
Your spell library was empty.

Dungeon Overview and Level Annotations

Branches:
Dungeon (1/15)


Innate Abilities, Weirdness & Mutations

You have an increased reservoir of magic. (+10% MP)
You shall have no god before yourself.
Your divine heritage dramatically boosts your attributes as you level up.


Message History

You feel very sick. The bat hits you but does no damage.
The bat closely misses you. The bat barely misses you.
You feel sick. The bat barely misses you. The bat misses you.
You feel sick. The bat hits you but does no damage. x2
You open the large door.
You feel sick. The bat barely misses you. The bat hits you but does no damage.
The bat barely misses you.
You feel sick. The bat hits you but does no damage. The bat barely misses you.
There is a large open door here.
You feel sick. The bat closely misses you.
There is a large open door here.
You closely miss the bat. The bat hits you but does no damage. x2
You closely miss the bat.
You feel sick. The bat closely misses you.
You closely miss the bat.
You feel sick.
You are no longer poisoned.
The bat hits you but does no damage. The bat barely misses you.
You aren't carrying any potions.
As you read the scroll labelled REIDE IMISEL, it crumbles to dust.
The creatures around you are filled with an inner flame!
It was a scroll of immolation.
The bat completely misses you.
You aren't carrying any items that you can evoke.
Throw: 3 throwing nets
Press: ? - help, Q - select action Shift-Dir - straight line, f - bat
Aim: a bat (inner flame, 42% to hit)
You throw a throwing net. The throwing net misses the bat.
The throwing net hits the bat.
The bat is caught in the net!
The bat is heavily wounded.
The bat hits you but does no damage.
The bat struggles against the net.
The bat barely misses you.
The bat struggles against the net.
The bat closely misses you.
You hit the bat.
Flame seeps out of the bat.
The bat is heavily wounded.
The bat struggles against the net.
The net rips apart, and the bat comes free!
The bat is engulfed in blazing flames.
The bat explodes!
The fiery explosion engulfs you!!
Ouch! That really hurt!
You die...

#....8........#
#.##...##.....#
##.##......#
#'#..>....#
#'#.......#
##⌠##......#
+⌠<⌠+..#####..
##⌠##.........
#@#....####..
#○#...## ##b##..#
..##.bg##.#
......8....##
##.#.##.....#
....)............
#.................
#...............#..


You could see a goblin (inner flame) and 2 bats.

Vanquished Creatures
  A bat (D:1)
1 creature vanquished.

Notes
Turn   | Place    | Note
-------+----------+-------------------------------------------
     0 | D:1      | pkoi the Demigod Gladiator began the quest for the Orb.
     0 | D:1      | Reached XP level 1. HP: 17/17 MP: 3/3
    46 | D:1      | Killed by an exploding bat... ignited by their inner flame

Illustrated notes

Levels and vault maps discovered:
D:1:      grunt_arrival_crossed_arrows, layout_rooms, serial_shops, shop,
          grunt_decor_fettered

Action                   || total
-------------------------++-------
Melee: Unarmed           ||    10
Throw: Throwing net      ||     1
  Use: Scroll            ||     1
Armor: Leather armour    ||    13
Dodge: Dodged            ||    31
